 Dungeon Crawl Stone Soup version 0.27.1 (webtiles) character file.

Game seed: 659521479716776565

85 sanka the Distorting Palentonga (level 4, -1/37 HPs)
             Began as a Palentonga Abyssal Knight on Aug 27, 2021.
             Was a Believer of Lugonu.
             Slain by an orc priest (8 damage)
             ... on level 3 of the Dungeon.
             The game lasted 00:02:22 (2882 turns).

sanka the Distorting Palentonga (PaAK)              Turns: 2882, Time: 00:02:22

Health: -1/37      AC:  4    Str: 16    XL:     4   Next: 25%
Magic:  7/7        EV:  9    Int: 13    God:    Lugonu [**....]
Gold:   65         SH:  0    Dex:  9    Spells: 3/3 levels left

rFire    . . .     SeeInvis +   a - +1 hand axe
rCold    . . .     Faith    .   (no shield)
rNeg     . . .     Spirit   .   b - +0 leather armour
rPois    .         Reflect  .   (no helmet)
rElec    .         Harm     .   (no cloak)
rCorr    .         Rampage  .   (no gloves)
Will     .....                  (no barding)
Stlth    +.........             (no amulet)
HPRegen  0.12/turn              (no ring)
MPRegen  0.10/turn              (no ring)

@: no status effects
A: large, rugged brown scales 3, see invisible, deformed body, roll 1, armoured
tail
a: Rolling Charge, Renounce Religion, Depart the Abyss, Bend Space


You were on level 3 of the Dungeon.
You worshipped Lugonu.
Lugonu was pleased with you.
You visited 1 branch of the dungeon, and saw 3 of its levels.
You visited the Abyss 1 time.

You collected 65 gold pieces.


Innate Abilities, Weirdness & Mutations

You are completely covered in rugged brown scales. (AC +3, +7% HP)
You have supernaturally acute eyesight. (SInv)
Armour fits poorly on your strangely shaped body.
You can roll at nearby foes to attack.
You have a long armoured tail.


   Skills:
 - Level 3.0 Fighting
 - Level 2.0 Axes
 - Level 1.5 Armour
 - Level 0.7 Dodging
 + Level 4.9 Invocations


You had 3 spell levels left.
You didn't know any spells.
Your spell library was empty.

Inventory:

Hand Weapons
 a - a +1 hand axe (weapon)
Armour
 b - a +0 leather armour (worn)
Potions
 c - a potion of mutation {unknown}
 d - 2 potions of curing {@q1}
 e - a potion of heal wounds {unknown}
 f - a potion of invisibility {unknown}
 g - a potion of brilliance {unknown}
 h - a potion of attraction {unknown}

Dungeon Overview and Level Annotations

Branches:
Dungeon (3/15)

Altars:
Xom

Annotations:
D:3 Ijyb

...........▒▒.▒
▒▒▒.▒▒.▒....▒▒.▒▒▒▒▒▒▒.
▒....................
▒....▒....▒▒▒.▒▒▒▒▒..
...▒.[.....▒ ▒.▒
........▒▒▒▒ ▒.▒
▒▒▒▒.▒▒▒▒ ▒.▒ ▒ ▒..
▒.▒▒.▒▒..g ▒.
▒.H)...... ▒.)o.....▒
▒.▒▒.▒..▒▒ ▒.▒ ......
?.. ... . .▒.▒ ▒....
▒▒.▒ ▒.▒. ▒. .▒


You could see Ijyb and an orc priest.


Message History

The orc priest is heavily wounded.
You hear a zap.
You hear a grinding noise.
The orc priest completely misses you.
You hit the orc priest.
The orc priest is heavily wounded.
The orc priest barely misses you.
The orc priest hits you with a +0 flail.
* * * LOW HITPOINT WARNING * * *
You hit the orc priest but do no damage.
The orc priest is heavily wounded.
The orc priest closely misses you.
You hit the orc priest but do no damage.
The orc priest is heavily wounded.
You hear a zap.
You hear a grinding noise.
The orc priest hits you with a +0 flail.
* * * LOW HITPOINT WARNING * * *
You closely miss the orc priest.
The orc priest is heavily wounded.
The orc priest misses you.
You hit the orc priest but do no damage.
The orc priest is heavily wounded.
The orc priest hits you with a +0 flail.
* * * LOW HITPOINT WARNING * * *
Ijyb the Twisted Goblin comes into view.
She is wielding a +0 club and carrying a wand of digging (2).
You hit the orc priest.
The orc priest is almost dead.
The orc priest hits you with a +0 flail!
You die...

Action                   |  1- 3 |  4- 6 || total
-------------------------+-------+-------++-------
Melee: Hand axe          |   116 |    31 ||   147
       Tailslap          |     6 |     2 ||     8
  Use: Potion            |     1 |       ||     1
Armor: Leather armour    |    47 |     9 ||    56
Dodge: Dodged            |    56 |    16 ||    72

Levels and vault maps discovered:
D:1:      dpeg_arrival_round_c, layout_rooms, serial_park_tiny_2
D:2:      layout_loops_corners, shapermc_ecumenical_altar_ellora, basic_altar
D:3:      layout_loops_cross, serial_shops, shop_statue, uniq_ijyb, uniq_terence

Notes
Turn   | Place    | Note
-------+----------+-------------------------------------------
     0 | Abyss:1  | sanka the Palentonga Abyssal Knight began the quest for the
                  | Orb.
     0 | Abyss:1  | Reached XP level 1. HP: 19/19 MP: 2/2
    16 | D:1      | Escaped the Abyss
    73 | D:1      | Reached XP level 2. HP: 5/25 MP: 4/4
    90 | D:1      | Reached skill level 3 in Invocations
   902 | D:1      | Reached XP level 3. HP: 24/31 MP: 5/5
  1382 | D:2      | Found a faded altar of an unknown god.
  1419 | D:2      | Reached skill level 4 in Invocations
  1431 | D:2      | Reached ** piety under Lugonu
  2127 | D:2      | Found a shimmering altar of Xom.
  2172 | D:2      | Reached XP level 4. HP: 34/37 MP: 7/7
  2881 | D:3      | Noticed Ijyb
  2882 | D:3      | Slain by an orc priest

Vanquished Creatures
  2 adders (D:2)
  5 dart slugs
  2 orcs (D:3)
  4 ball pythons
  5 endoplasms
  4 giant cockroaches
  A goblin (D:2)
  4 hobgoblins
  7 jackals
  3 quokkas
  4 bats
  A frilled lizard (D:2)
  4 kobolds
  2 rats (D:1)
48 creatures vanquished.
